 Dungeon Crawl Stone Soup version 0.32-a0-132-g2d33c3cfaf (webtiles) character file.

Game seed: 6558880038399148310

921 Ge0ff the Poker (level 7, -12/54 HPs)
             Began as a Mummy Chaos Knight on Feb 9, 2024.
             Mangled by a chaos spawn (14 damage)
             ... summoned by Xom
             ... on level 4 of the Dungeon.
             The game lasted 00:09:33 (5627 turns).

Ge0ff the Poker (Mummy Chaos Knight)                Turns: 5627, Time: 00:09:33

Health: -12/54     AC:  7    Str: 18    XL:     7   Next: 84%
Magic:  7/7        EV: 11    Int: 17    God:
Gold:   306        SH:  0    Dex: 15    Spells: 6/6 levels left

rFire   x . .        a - +0 spear (freeze)
rCold   + . .        (no shield)
rNeg    + + +        P - +1 leather armour "Raklisch" {rElec rN+ Will- Dex+4}
rPois   ∞            Z - +0 helmet
rElec   +            W - +0 cloak
rCorr   .            (no gloves)
SInv    .            R - +0 pair of boots
Will    .....        (no amulet)
Stlth   +            Y - +6 ring of intelligence
HPRegen 0.29/turn    O - ring of flight
MPRegen 0.10/turn

%: faith
@: weakened, spiked, flying
A: cold resistance 1, negative energy resistance 3, torment resistance 2, heat
vulnerability 1, in touch with death 1, no potions, faith
a: no special abilities


You were on level 4 of the Dungeon.
You visited 1 branch of the dungeon, and saw 4 of its levels.
You also visited: Sewer.

You collected 306 gold pieces.

Inventory:

Hand Weapons
 a - a +0 spear of freezing (weapon)
 I - a +0 halberd
 K - a +1 whip of venom
 L - a +0 spear
 Q - a +0 rapier
Missiles
 H - 6 poisoned darts
 J - 6 boomerangs
 T - 5 atropa-tipped darts
 V - 30 stones (quivered)
Armour
 b - a +2 leather armour
 P - the +1 leather armour "Raklisch" (worn) {rElec rN+ Will- Dex+4}
   (You found it on level 2 of the Dungeon)

   Dex+4:     It affects your dexterity (+4).
   rElec:     It insulates you from electricity.
   rN+:       It protects you from negative energy.
   Will-:     It decreases your willpower.
 R - a +0 pair of boots (worn)
 W - a +0 cloak (worn)
 Z - a +0 helmet (worn)
Magical Staves
 X - a staff of conjuration
Jewellery
 O - a ring of flight (right hand)
 Y - a +6 ring of intelligence (left hand)
Wands
 j - a wand of quicksilver (4)
 r - a wand of roots (10)
Scrolls
 m - 2 scrolls of revelation
 C - a scroll of poison
 F - a scroll of fog
 N - a scroll of fear {unknown}
 U - 3 scrolls of enchant armour


   Skills:
 - Level 4.0 Fighting
 + Level 6.5 Polearms
 - Level 1.0 Throwing
 - Level 2.0 Armour
 - Level 1.0 Dodging
 - Level 3.0 Evocations


You had 6 spell levels left.
You didn't know any spells.
Your spell library contained the following spells:

 Spells                   Type           Power      Damage    Failure   Level
 Mercury Vapours          Alch/Air       0%         N/A       38%         2
 Mephitic Cloud           Conj/Alch/Air  0%         N/A       63%         3
 Freezing Cloud           Conj/Ice/Air   0%         6-21      100%        5


Dungeon Overview and Level Annotations

Branches:
Dungeon (4/15) Zot: 18686   Sewer (visited)
 Temple: D:4-7

Altars:

Annotations:
D:1 dig


Innate Abilities, Weirdness & Mutations

You are immune to poison.
Your flesh is cold resistant. (rC+)
You are immune to negative energy. (rN+++)
You are immune to unholy pain and torment.
You are vulnerable to heat. (rF-)
You are in touch with the powers of death.
You do not drink.
You have a special connection with the divine. (Faith)


Message History

"Fight to survive, mortal."
Aiming: Fastroot
Press: ? - help, Shift-Dir - straight line, f - crimson imp
Aim: a crimson imp (summoned)
The roots erupt in riotous growth!
Roots grab the crimson imp.
Roots grab the white imp.
Roots grab the quasit.
Roots grab the chaos spawn.
The grasping roots constrict the crimson imp.
The grasping roots constrict the chaos spawn.
The grasping roots constrict the quasit.
The grasping roots constrict the white imp!
Aiming: Quicksilver Bolt
Press: ? - help, Shift-Dir - straight line, f - quasit, p - crimson imp
Aim: a quasit (lightly wounded, summoned, constricted by roots, 94% to hit)
The bolt of dispelling energy hits the crimson imp!
You kill the crimson imp!
The crimson imp disappears in a puff of smoke!
The bolt of dispelling energy hits the quasit!
You kill the quasit!
The quasit disappears in a puff of smoke!
The grasping roots constrict the chaos spawn.
The grasping roots constrict the white imp.
You kill the white imp!
The white imp disappears in a puff of smoke!
The quasit closely misses you. The quasit misses you.
The quasit closely misses you.
The quasit bites you but does no damage.
The quasit claws you but does no damage. x2
The red devil hits you from afar with a +0 trident!!
Barbed spikes become lodged in your body.
The chaos spawn bites you! The chaos spawn sears you!
* * * LOW HITPOINT WARNING * * *
The orange demon stings you but does no damage.
The orange demon hits you.
* * * LOW HITPOINT WARNING * * *
You feel your attacks grow feeble.
As you read the scroll labelled ZOMEODAEDO, it crumbles to dust.
It is a scroll of brand weapon.
Your +0 spear of chaos is covered with a thin layer of ice!
a - a +0 spear of freezing (weapon)
The grasping roots constrict the chaos spawn.
The quasit barely misses you. The quasit closely misses you.
The quasit claws you.
* * * LOW HITPOINT WARNING * * *
The quasit closely misses you. The quasit barely misses you.
The quasit closely misses you. The red devil closely misses you.
The chaos spawn pecks you.
* * * LOW HITPOINT WARNING * * *
The chaos spawn sears you!
You die...

.# ....) #.# .#
..... #.# .##...!.
#.# ...........
... ..... .....
#.# ..# ..... #.#
# ..# .>...##.#
###.## #.#
......#.##55...#
#.# #..§4@44...#
#.# #..#4555.#.#
#.#### ##.4.4.#.#
#....#
######.#†.....#
####.#
#......#.##.###
#...####.#.#.##.#
...
♣.♣♣............#
###
♣♣.♣♣♣♣##..PP.##.#
PP.PP♣♣##..P♣..#.#


You could see an orange demon (summoned), a rust devil (summoned), a red devil
(summoned), 3 chaos spawn, 2 quasits, 2 crimson imps and an ufetubus (summoned).

Vanquished Creatures
  A water moccasin (D:3)
  A crocodile (Sewer)
  An ogre (D:3)
  2 scorpions
  2 howler monkeys (D:3)
  A hound (D:4)
  2 orc wizards
  20 gnolls (D:3)
  5 adders
  2 dart slugs
  2 ribbon worms (D:2)
  23 orcs
  5 ball pythons
  7 bats
  5 endoplasms
  5 giant cockroaches
  5 goblins
  3 hobgoblins
  20 jackals
  5 kobolds
  3 quokkas
  2 frilled lizards
  8 rats
130 creatures vanquished.

Vanquished Creatures (collateral kills)
  An orc (D:3)
1 creature vanquished.

Vanquished Creatures (others)
  A jackal zombie (D:3)
1 creature vanquished.

Grand Total: 132 creatures vanquished

Notes
Turn   | Place    | Note
-------+----------+-------------------------------------------
     0 | D:1      | Ge0ff the Mummy Chaos Knight began the quest for the Orb.
     0 | D:1      | Reached XP level 1. HP: 18/18 MP: 1/1
     0 | D:1      | Fell from the grace of Xom
    49 | D:1      | XOM: stat loss: -2 Str (13/15)
   171 | D:1      | Reached XP level 2. HP: 24/24 MP: 2/2
   180 | D:1      | Reached skill level 3 in Polearms
   660 | D:2      | Reached XP level 3. HP: 29/29 MP: 3/3
   945 | D:2      | XOM: noise
  1074 | D:2      | Reached skill level 4 in Polearms
  1094 | D:2      | Reached XP level 4. HP: 35/35 MP: 4/4
  1099 | D:2      | Identified the +1 leather armour "Raklisch" {rElec rN+
                  | Will- Dex+4}
  1115 | D:2      | Found a faded altar of an unknown god.
  1589 | D:3      | Found a glowing drain.
  1637 | Sewer    | Entered a sewer
  1738 | Sewer    | Noticed a crocodile
  1747 | Sewer    | Killed a crocodile
  1748 | Sewer    | Reached skill level 1 in Evocations
  1748 | Sewer    | Reached XP level 5. HP: 27/41 MP: 5/5
  1912 | D:3      | Noticed a water moccasin
  1923 | D:3      | Killed a water moccasin
  1924 | D:3      | Reached skill level 5 in Polearms
  1924 | D:3      | Reached XP level 6. HP: 39/47 MP: 6/6
  1956 | D:3      | XOM: 1-stop teleportation journey
  2263 | D:3      | Reached skill level 1 in Dodging
  2533 | D:3      | Reached skill level 1 in Throwing
  2556 | D:3      | XOM: swap monsters
  2646 | D:3      | XOM: summons 1 hostile demon
  2702 | D:3      | Reached XP level 7. HP: 24/53 MP: 7/7
  3019 | D:3      | XOM: summons 2 hostile shadow creatures
  3721 | D:3      | Reached skill level 6 in Polearms
  4427 | D:3      | XOM: summons 14 hostile demons
  4428 | D:3      | Noticed a sun demon
  4428 | D:3      | Noticed a chaos spawn
  4428 | D:3      | Noticed an orange demon
  4428 | D:3      | Noticed a chaos spawn
  5139 | D:4      | XOM: summons 3 hostile shadow creatures
  5624 | D:4      | XOM: summons 14 hostile demons
  5625 | D:4      | Noticed a rust devil
  5625 | D:4      | Noticed a red devil
  5625 | D:4      | Noticed a chaos spawn
  5625 | D:4      | Noticed a chaos spawn
  5625 | D:4      | Noticed a chaos spawn
  5625 | D:4      | Noticed an orange demon
  5627 | D:4      | HP: 2/54 [chaos spawn[Xom] (6)]
  5627 | D:4      | Mangled by a chaos spawn

Illustrated notes

Levels and vault maps discovered:
D:1:      minmay_arrival_doors, layout_rooms, item_on_display_a
D:2:      layout_basic, shapermc_ecumenical_altar_ellora
D:3:      lemuel_castle_with_subvaults [lemuel_castle_interior_original],
          layout_loops_corners, mainiacjoe_sewer_entry_somewhere_in_here_1,
          kennysheep_small_spiral
D:4:      layout_loops_ring, serial_forest, infiniplex_forest_clump_tiny,
          infiniplex_forest_clump_tiny, infiniplex_forest_end_2,
          infiniplex_forest_clump_curved, infiniplex_forest_end_2,
          infiniplex_forest_end_3, infiniplex_forest_lined_corner,
          infiniplex_forest_fountain

Skill      XL: |  1  2  3  4  5  6  7 |
---------------+----------------------+-----
Polearms       | 3 4 5 6 |  6.5
Evocations     | 1 2 3 |  3.0
Dodging        | 1 |  1.0
Throwing       | 1 |  1.0
Armour         | 2 |  2.0
Fighting       | 4 |  4.0

Action                     |  1- 3 |  4- 6 |  7- 9 || total
---------------------------+-------+-------+-------++-------
  Melee: Spear             |   164 |   213 |   232 ||   609
         Punch             |     2 |     4 |     4 ||    10
  Throw: Stone             |       |     8 |     3 ||    11
 Invoke: Renounce Religion |     1 |       |       ||     1
  Evoke: Wand              |       |     1 |     2 ||     3
    Use: Scroll            |       |     4 |     4 ||     8
   Stab: Paralysed         |     1 |       |       ||     1
         Confused          |       |     1 |     3 ||     4
         Petrifying        |       |       |     1 ||     1
         Petrified         |       |       |     1 ||     1
 Armour: Leather armour    |    67 |   110 |    85 ||   262
  Dodge: Dodged            |    76 |   100 |    73 ||   249

Table legend: (Time is in decaauts)
 A = Elapsed time spent in this place.
 B = Non-inter-level travel time spent in this place.
 C = Inter-level travel time spent in this place.
 D = Time resting spent in this place.
 E = Time spent auto-exploring this place.
 F = Levels seen in this place.
 G = Mean time per level.
                   A        B        C        D        E       F      G
               +--------+--------+--------+--------+--------+-----+--------+
         Total |   5552 |   5459 |     93 |    707 |   3240 |   5 | 1110.4 |
       Dungeon |   5312 |   5219 |     93 |    707 |   3066 |   4 | 1328.0 |
         Sewer |    240 |    240 |      0 |      0 |    174 |   1 |  240.0 |
               +--------+--------+--------+--------+--------+-----+--------+

Top non-repeatable levels by time:
     D:3: 3423 daAuts
     D:2: 909 daAuts
     D:1: 506 daAuts
     D:4: 473 daAuts
   Sewer: 240 daAuts
